AoeStats
← RDA Ronan

Nomad

508512934Analyzed
4v4 RM · 9d ago on Sep 22, 2026· 76m 12s· 8 players
Game mode
Random Map
Map size
231×231
Population
200
Speed
Normal
Resources
Standard
Victory
Conquest
Starting age
Dark Age
Ending age
Imperial Age
RankedLock teamsTeams togetherTeam positionsShared explorationLock speedFull tech treeHidden civsTurbo modeCheats
Victory
Defeat
🇨🇭 Wei · Switzerland
1328
+11
🇨🇿 Bulgarians · Czechia
1235
+15
🇨🇭 Malians · Switzerland
1231
+15
🇯🇴 Saracens · Jordan
1199
+16
🇦🇷 Spanish · Argentina
1242
-17
🇦🇷 Varangians · Argentina
1209
-14
🇦🇷 Byzantines · Argentina
1200
-14
🇪🇸 Huns · Spain
1165
-12
dr.schniselx
5:13 Loom
13:20 Feudal Age
14:12 Fishing Lines
19:20 Castle Age
18:27 Bloodlines
19:29 Scale Barding Armor
19:51 Double-Bit Axe
20:06 Gold Mining
22:44 Horse Collar
25:56 Chain Barding Armor
28:06 Forging
29:11 Bow Saw
31:12 Sanctity
31:10 Husbandry
32:17 Wheelbarrow
35:15 Fletching
41:02 Hand Cart
42:29 Heavy Plow
49:00 Imperial Age
47:58 Gold Shaft Mining
49:13 Heavy Hei Guang Cavalry
50:30 Iron Casting
50:05 Stone Mining
53:02 Blast Furnace
52:41 Crop Rotation
52:34 Conscription
52:24 Tuntian
54:17 Light Cavalry
54:57 Town Watch
55:28 Hussar
57:00 Ming Guang Armor
60:24 Hoardings
61:46 Bodkin Arrow
64:12 Capped Ram
65:26 Siege Ram
70:28 Gillnets
76:21 Coinage
76:21 Caravan
optional_cookie
4:45 Loom
12:17 Feudal Age
16:23 Castle Age
14:52 Double-Bit Axe
16:17 Horse Collar
17:14 Bow Saw
17:05 Heavy Plow
20:04 Scale Mail Armor
20:43 Forging
27:07 Scale Barding Armor
28:31 Chain Barding Armor
29:09 Bloodlines
28:59 Husbandry
29:40 Fletching
33:25 Loom
39:08 Iron Casting
43:18 Imperial Age
41:28 Wheelbarrow
42:29 Chain Mail Armor
44:23 Farimba
44:43 Conscription
46:10 Chemistry
44:47 Cavalier
46:05 Plate Barding Armor
46:08 Padded Archer Armor
47:32 Leather Archer Armor
50:17 Plate Mail Armor
49:48 Man-at-Arms
50:29 Squires
51:18 Plate Mail Armor
50:41 Long Swordsman
51:42 Two-Handed Swordsman
52:09 Arson
52:36 Champion
54:51 Hand Cart
55:24 Heavy Camel Rider
57:34 Elite Skirmisher
61:27 Medium Warships
62:03 Bodkin Arrow
62:38 Ring Archer Armor
61:59 Elite Gbeto
73:38 Caravan
74:04 Town Watch
75:14 Cavalier
Kovboj
4:19 Loom
13:55 Feudal Age
19:07 Castle Age
18:10 Arson
24:06 Double-Bit Axe
25:08 Wheelbarrow
26:03 Gold Mining
28:12 Forging
28:10 Fletching
30:17 Gold Shaft Mining
29:25 Horse Collar
30:21 Bloodlines
31:23 Bodkin Arrow
32:43 Scale Barding Armor
34:36 Chain Barding Armor
37:58 Heavy Plow
41:08 Hand Cart
45:02 Iron Casting
47:44 Imperial Age
45:46 Town Watch
46:09 Squires
50:43 Plate Barding Armor
50:16 Murder Holes
51:31 Blast Furnace
50:55 Bow Saw
54:43 Crop Rotation
55:04 Bracer
55:01 Elite Konnik
58:30 Ballistics
58:12 Capped Ram
59:44 Siege Ram
61:49 Husbandry
61:11 Light Cavalry
67:07 Hussar
75:30 Conscription
76:10 Stirrups
Prince Of The Darkness
5:20 Loom
14:00 Feudal Age
14:03 Feudal Age
20:12 Castle Age
19:19 Fishing Lines
19:50 Double-Bit Axe
21:54 Bow Saw
23:26 Wheelbarrow
22:32 Horse Collar
22:53 Gillnets
23:43 Elite Skirmisher
24:57 Fletching
26:14 Bodkin Arrow
28:58 Heavy Plow
29:16 Padded Archer Armor
30:59 Thumb Ring
32:57 Hand Cart
34:21 Ballistics
35:30 Leather Archer Armor
40:34 Imperial Age
39:30 Masonry
40:01 Scale Barding Armor
40:55 Gold Mining
42:01 Bracer
43:20 Conscription
44:34 Murder Holes
46:30 Ring Archer Armor
46:41 Elite Mameluke
47:43 Forging
48:05 Crossbowman
49:07 Chain Barding Armor
50:01 Hoardings
50:17 Plate Barding Armor
50:17 Iron Casting
52:03 Chemistry
52:53 Bloodlines
54:02 Husbandry
53:26 Heavy Camel Rider
62:51 Two-Man Saw
69:59 Medium Warships
70:53 Light Cavalry
RDA | Karnage
11:27 Loom
13:28 Feudal Age
13:35 Feudal Age
11:57 Loom
18:22 Castle Age
18:00 Double-Bit Axe
18:47 Bloodlines
18:41 Padded Archer Armor
24:56 Fletching
25:34 Leather Archer Armor
27:14 Bodkin Arrow
28:00 Thumb Ring
32:48 Husbandry
34:26 Ballistics
41:41 Horse Collar
53:13 Gold Mining
56:29 Imperial Age
58:03 Parthian Tactics
59:13 Wheelbarrow
59:23 Bracer
65:13 Chemistry
70:51 Bow Saw
73:47 Hand Cart
RDA Ghosti
3:41 Loom
15:13 Feudal Age
16:00 Double-Bit Axe
18:58 Castle Age
17:41 Scale Barding Armor
17:47 Forging
19:47 Bloodlines
21:25 Chain Barding Armor
21:00 Gold Mining
23:48 Horse Collar
26:45 Husbandry
30:54 Vendel Legacy
34:38 Fletching
34:19 Light Cavalry
37:57 Iron Casting
40:09 Wheelbarrow
39:21 Town Watch
43:50 Imperial Age
42:22 Bow Saw
42:23 Heavy Plow
43:07 Bodkin Arrow
45:01 Conscription
45:44 Plate Barding Armor
45:13 Stone Mining
48:09 Blast Furnace
47:47 Bracer
49:05 Cavalier
52:56 Hussar
59:54 Two-Man Saw
60:41 Elite Jarl
RDA Lurchoton
13:45 Loom
15:40 Feudal Age
17:51 Forging
20:26 Castle Age
18:37 Stone Mining
19:01 Double-Bit Axe
19:28 Scale Barding Armor
19:41 Fishing Lines
22:56 Iron Casting
23:17 Wheelbarrow
25:26 Gold Mining
28:41 Gold Shaft Mining
29:09 Gillnets
36:55 Stone Shaft Mining
41:33 Imperial Age
39:47 Husbandry
40:10 Chain Barding Armor
41:16 Pikeman
42:00 Scale Mail Armor
42:19 Squires
42:13 Arson
43:17 Plate Barding Armor
42:57 Chain Mail Armor
43:09 Conscription
44:23 Plate Mail Armor
43:23 Halberdier
45:56 Plate Barding Armor
48:33 Fletching
48:43 Padded Archer Armor
48:46 Elite Skirmisher
51:34 Bodkin Arrow
51:55 Leather Archer Armor
54:54 Bow Saw
54:59 Thumb Ring
55:31 Ring Archer Armor
55:02 Bracer
55:27 Hand Cart
58:36 Two-Man Saw
57:25 Elite Cataphract
60:00 Chemistry
59:21 Ballistics
63:43 Hoardings
63:21 Logistica
64:31 Capped Ram
66:15 Siege Ram
70:49 Hoardings
75:54 Gambesons
RDA Ronan
5:19 Loom
13:06 Feudal Age
14:49 Double-Bit Axe
17:49 Horse Collar
22:09 Castle Age
21:45 Wheelbarrow
21:05 Gold Mining
23:33 Bow Saw
24:31 Husbandry
24:22 Town Watch
24:46 Padded Archer Armor
26:37 Fletching
28:17 Bodkin Arrow
31:26 Heavy Plow
33:15 Fishing Lines
34:01 Stone Mining
36:14 Hand Cart
40:42 Imperial Age
38:53 Bloodlines
43:36 Bracer
45:26 Scale Barding Armor
45:13 Light Cavalry
46:28 Hussar
49:15 Chain Barding Armor
49:58 Forging
55:58 Supremacy
55:59 Conscription
56:40 Hoardings
58:38 Sappers
58:45 Capped Ram
66:32 Gillnets
75:01 Town Patrol
Connection lost

Rejoining the realm…

Still unreachable

The connection could not be restored.

Session expired

The server has moved on; the page needs a fresh start.